[Event "*** SCC Grand Prix: Titled Tuesday Blitz"]
[Site "Chess.com"]
[Date "2020.10.13"]
[Round "1"]
[White "barbara25"]
[Black "Ginger_GM"]
[Result "0-1"]
[WhiteElo "2260"]
[BlackElo "2593"]
[TimeControl "180+1"]
[EndTime "10:07:22 PDT"]
[Termination "Ginger_GM won by resignation"]

1. e4 e6 2. d4 d5 3. e5 c5 4. c3 Nc6 5. Nf3 Bd7 6. a3 f6 7. exf6 Nxf6 8. Be2 Bd6 9. O-O O-O 10. Re1 Qc7 11.
Nbd2 cxd4 12. cxd4 Ng4 13. Nf1 Kh8 14. h3 Nf6 15.
Be3 Ne4 16. Rc1 Rf6 17. b4 a6 18. Bd3 Raf8 19. N1d2 Nxd2 20. Nxd2 Bh2+ 21. Kh1 e5 22.
Nf3 Rxf3 23. gxf3 exd4 24. Bg5 Bf4 25. Rg1 Bxc1 26. Qxc1 Qe5 27. f4 Qd6 28. Qd2 h6 29. Bh4 Qxf4 30. Qxf4 Rxf4 31. Bg3 Rf3 32. Rd1 Bxh3 33.
Re1 Bf5 34. Re8+ Kh7 35. Be2 Rxa3 36. Rf8 Bg6 37. Bg4 Ra1+ 38. Kg2 Re1 39. f3 Re2+ 40. Kf1 d3 41. f4 Re3 42. Bf2 Re4 43. Bf3 Re7 44.
f5 Bf7 45. Bc5 Rd7 46. Ke1 Ne5 47. Bg2 h5 48. Bh3 Ng4 49. Bf1 h4 50. Bxd3 h3 51.
f6+ Bg6 52. Be2 h2 53. Bf3 Nxf6 54. Bf2 Be4 0-1

[Event "*** SCC Grand Prix: Titled Tuesday Blitz"]
[Site "Chess.com"]
[Date "2020.10.13"]
[Round "1"]
[White "WonderChampion"]
[Black "Mostii"]
[Result "1-0"]
[WhiteElo "2025"]
[BlackElo "2492"]
[TimeControl "180+1"]
[EndTime "10:07:23 PDT"]
[Termination "WonderChampion won on time"]

1. d4 e6 2. e4 d5 3. Nc3 dxe4 4. Nxe4 Nd7 5. c3 Ngf6 6. Nxf6+ Nxf6 7. Nf3 c5 8. Bb5+ Bd7 9. Bxd7+ Qxd7 10. O-O cxd4 11. Nxd4 a6 12. Bg5 Be7 13. Bxf6 Bxf6 14. Nb3 Qc7 15.
Qc2 O-O 16. Rad1 Rfd8 17. Rd3 Rxd3 18. Qxd3 Rd8 19. Qg3 Qxg3 20. fxg3 b5 21. Kf2 a5 22.
Ke2 a4 23. Nd2 a3 24. bxa3 Bxc3 25. Ne4 Bd4 26. Rd1 e5 27. Rb1 f5 28. Nd2 Ra8 29.
Rxb5 Rxa3 30. Rb8+ Kf7 31. Rb7+ Kf6 32. Rb5 Rxa2 33.
Rb3 g5 34. Kd3 g4 35. h3 h5 36. h4 Bf2 37. Ke2 Bd4 38. Kd3 Ra6 39. Nc4 Bc5 40. Rb2 e4+ 41. Ke2 Bd4 42. Rd2 Bc3 43. Rc2 Be5 44.
Ne3 Bxg3 45. Rc5 f4 46. Nd5+ Ke6 47. Nc7+ Kd6 48. Nxa6 f3+ 49. gxf3 exf3+ 50. Kf1 Bxh4 51. Rxh5 Bf6 52. Rh6 Ke5 53. Nc5 Bg5 54. Rh5 Kf5 55. Ne6 Kxe6 56. Rxg5 1-0

[Event "*** SCC Grand Prix: Titled Tuesday Blitz"]
[Site "Chess.com"]
[Date "2020.10.13"]
[Round "1"]
[White "guillembaches"]
[Black "Zkid"]
[Result "0-1"]
[WhiteElo "2415"]
[BlackElo "2807"]
[TimeControl "180+1"]
[EndTime "10:07:26 PDT"]
[Termination "Zkid won by resignation"]

1. e4 e6 2. d4 d5 3. exd5 exd5 4.
Nf3 Nc6 5. Bb5 Bd6 6. c4 dxc4 7. d5 a6 8. Ba4 b5 9. dxc6 bxa4 10. O-O Ne7 11. Qxa4 O-O 12. Nbd2 Rb8 13. a3 c3 14.
bxc3 Nd5 15. Qd4 Be7 16. Ne4 f5 17. Nc5 Rb5 18. Nd3 Bf6 19. Nfe5 Nb6 20. f4 Qxd4+ 21. cxd4 Rd8 22. Be3 Nd5 23. Bf2 Nc3 24. Rfe1 Ne4 25. Be3 Be6 26. Rab1 Rdb8 27. Rxb5 Rxb5 28. Nf2 Bd5 29.
Nd7 Be7 30. Nc5 Nxc5 31. dxc5 Bxc6 32. Rc1 Rb3 33. Bd4 Rxa3 34. Re1 Kf7 35. h3 Ra4 36. Be3 Be4 37. Nxe4 Rxe4 38. Kf2 a5 39. Rb1 Ke6 40. Rb7 Kd7 41. Rb8 Kc6 42. Ra8 a4 43. Kf3 Bxc5 44.
Bxc5 Kxc5 45. g4 g6 46. h4 Kb4 47. h5 Re7 48. hxg6 hxg6 49. gxf5 gxf5 50. Rf8 a3 0-1

[Event "*** SCC Grand Prix: Titled Tuesday Blitz"]
[Site "Chess.com"]
[Date "2020.10.13"]
[Round "1"]
[White "JonahWillow"]
[Black "PavelChernomordik"]
[Result "0-1"]
[WhiteElo "2636"]
[BlackElo "2336"]
[TimeControl "180+1"]
[EndTime "10:07:27 PDT"]
[Termination "PavelChernomordik won by resignation"]

1. e4 g6 2. d4 Bg7 3. Nc3 d6 4. f4 a6 5. Nf3 b5 6. Bd3 Nd7 7.
Ne2 c5 8. c3 Bb7 9. O-O Qc7 10.
Be3 Ngf6 11. e5 Ng4 12. Qd2 Nxe3 13. Qxe3 e6 14. Ng3 d5 15. Ng5 Nb6 16. h4 h6 17.
Nf3 Nc4 18. Qe2 Bf8 19. h5 Rg8 20. hxg6 fxg6 21. Nh4 Qf7 22. Qg4 Ne3 23. Qh3 Nxf1 24.
Rxf1 Be7 25. Qg4 h5 26. Qh3 O-O-O 27. f5 gxf5 28. Nhxf5 exf5 29. Nxf5 Kb8 30. Nh6 Qg7 31.
Nxg8 Rxg8 32. Rf2 Bc8 33. Qxh5 Rh8 34. Qf3 Qh6 35. g3 Bg4 36. Qg2 Qc1+ 37. Bf1 Qe3 38.
Qxd5 Qxg3+ 39. Qg2 Qh4 40. Rf4 Rg8 41. Be2 Qe1+ 42.
Bf1 Be6 0-1

[Event "*** SCC Grand Prix: Titled Tuesday Blitz"]
[Site "Chess.com"]
[Date "2020.10.13"]
[Round "1"]
[White "Vandros57"]
[Black "Beltraxtor"]
[Result "0-1"]
[WhiteElo "2195"]
[BlackElo "2554"]
[TimeControl "180+1"]
[EndTime "10:07:27 PDT"]
[Termination "Beltraxtor won on time"]

1. d4 d5 2. Nf3 Nf6 3. c4 c6 4.
e3 Bf5 5. Bd3 Bxd3 6. Qxd3 e6 7.
O-O Nbd7 8. Rd1 Ne4 9. Nfd2 Nxd2 10. Bxd2 Bd6 11. Nc3 Qh4 12. g3 Qg4 13. e4 dxc4 14.
Qxc4 h5 15. Qe2 Qg6 16. e5 Be7 17. Qe4 Qg4 18. Qxg4 hxg4 19. Ne4 Nb6 20. Bg5 Bf8 21. Nc5 Bxc5 22. dxc5 Nd7 23. Re1 Rh5 24. Bf4 Nxc5 25.
Rad1 Rd8 26. Rxd8+ Kxd8 27. Rd1+ Kc7 28. h4 gxh3 29. Kh2 Rh8 30. g4 Rd8 31. Rxd8 Kxd8 32.
Kxh3 Nd3 33. Be3 b6 34. b3 Nxe5 35. f4 Nd3 36. Kg3 Nb4 37. a4 f5 38. gxf5 exf5 39.
Kh4 Nd5 40. Bd4 Nxf4 41. Kg5 Ne6+ 0-1

[Event "*** SCC Grand Prix: Titled Tuesday Blitz"]
[Site "Chess.com"]
[Date "2020.10.13"]
[Round "1"]
[White "IvanSoriano1"]
[Black "Ariadna_Atreides"]
[Result "1-0"]
[WhiteElo "2509"]
[BlackElo "2019"]
[TimeControl "180+1"]
[EndTime "10:07:28 PDT"]
[Termination "IvanSoriano1 won by checkmate"]

1. e4 c5 2. Nf3 d6 3. d4 cxd4 4. Nxd4 Nf6 5. Nc3 Nc6 6. Bg5 e6 7. Qd2 a6 8. O-O-O Bd7 9. f4 Be7 10. Bxf6 Bxf6 11. Nxc6 Bxc6 12. Qe3 Qc7 13. Bc4 Bxc3 14.
Qxc3 Bxe4 15. Qxg7 O-O-O 16. Qd4 d5 17. Rhe1 Qxf4+ 18.
Re3 dxc4 19. Qxc4+ Kb8 20. Qxe4 Rxd1+ 21. Kxd1 Rd8+ 22.
Ke2 Qxh2 23. Rb3 Qh5+ 24. Kf2 Rd2+ 25. Kg3 Qg5+ 26. Kh2 Qh5+ 27. Rh3 Qc5 28. Rxh7 Qc7+ 29. Kh3 Rxc2 30. Rh8+ Ka7 31. Qd4+ Qc5 32. Qd8 Rxb2 33.
Qb8+ Kb6 34. Rh4 Qc3+ 35. Kh2 Qc2 36. Qd6+ Ka5 37. Rh5+ b5 38. Rg5 Ka4 39. Rg4+ b4 40. Qxa6# 1-0

[Event "*** SCC Grand Prix: Titled Tuesday Blitz"]
[Site "Chess.com"]
[Date "2020.10.13"]
[Round "1"]
[White "TigrVShlyape"]
[Black "ErikRonka"]
[Result "1-0"]
[WhiteElo "2836"]
[BlackElo "2437"]
[TimeControl "180+1"]
[EndTime "10:07:30 PDT"]
[Termination "TigrVShlyape won by resignation"]

1. d4 d5 2. Nf3 Nf6 3. Bf4 c5 4. e3 cxd4 5. exd4 Nc6 6. c3 Bf5 7. Nbd2 e6 8. Bb5 Bd6 9. Bxd6 Qxd6 10. O-O O-O 11. Re1 Rfc8 12. a4 h6 13. a5 Ne4 14.
Nxe4 Bxe4 15. Nd2 Bf5 16. Qa4 a6 17. Bf1 Re8 18. Qa3 Qc7 19. Nb3 e5 20. dxe5 Nxe5 21.
Qc5 Nc6 22. Nd4 Be6 23. Nxc6 Qxc6 24. Qd4 Rad8 25. Re5 Rd7 26. Rae1 Qc7 27. f4 Rde7 28.
Bd3 g6 29. b4 Bc8 30. Kf2 Rxe5 31. Rxe5 Rxe5 32. Qxe5 Qd7 33. h3 Qd8 34. Kf3 Be6 35. Qd4 Qh4 36. Qe3 Qd8 37. Kf2 Qh4+ 38. Kg1 Qd8 39. Kh2 Qc8 40. Qd4 Qc7 41. g4 g5 42. Kg3 Qd6 43. Kf3 Qc7 44. Qe5 Qd7 45. f5 1-0

[Event "*** SCC Grand Prix: Titled Tuesday Blitz"]
[Site "Chess.com"]
[Date "2020.10.13"]
[Round "1"]
[White "JuliaEfremova"]
[Black "Mazetovic"]
[Result "0-1"]
[WhiteElo "2314"]
[BlackElo "2644"]
[TimeControl "180+1"]
[EndTime "10:07:30 PDT"]
[Termination "Mazetovic won by resignation"]

1. d4 Nf6 2. Bf4 d5 3. e3 c5 4. c3 Nc6 5. Nf3 Qb6 6. Na3 a6 7.
Qb3 Qa7 8. Be2 e6 9. Nb1 c4 10. Qc2 b5 11. Nbd2 Be7 12. O-O O-O 13. Ne5 Nxe5 14. Bxe5 Bd7 15. e4 dxe4 16. Nxe4 Nd5 17. Bf3 Bc6 18. Rae1 Qb7 19. Re2 Rad8 20. Rfe1 Rfe8 21. Ng3 b4 22. Nh5 g6 23. Nf4 Nxf4 24.
Bxf4 Bxf3 25. gxf3 Qxf3 26. Bg3 a5 27. cxb4 Bxb4 28. Re3 Qd5 29. Rd1 Rc8 30. Re5 Qa8 31.
d5 Bd6 32. Re2 Bxg3 33. hxg3 exd5 34. Red2 Re5 35. Qc3 Rce8 36. Qf3 Re1+ 37. Rxe1 Rxe1+ 38. Kg2 Re5 39. Rd4 Qc6 40. Qf4 Qe6 41. Qd2 a4 42.
Rf4 Re4 43. Rf3 d4 44. Qb4 d3 45. Qxa4 Qd5 46. Qd1 Re6 47. Qd2 Rf6 48. Qf4 Rxf4 0-1

[Event "*** SCC Grand Prix: Titled Tuesday Blitz"]
[Site "Chess.com"]
[Date "2020.10.13"]
[Round "1"]
[White "Roza_Idrisova"]
[Black "FloMasterAAK"]
[Result "0-1"]
[WhiteElo "2157"]
[BlackElo "2539"]
[TimeControl "180+1"]
[EndTime "10:07:30 PDT"]
[Termination "FloMasterAAK won by checkmate"]

1. d4 Nf6 2. Nf3 e6 3. Bg5 Be7 4. e3 O-O 5. Bd3 b6 6. Nbd2 Bb7 7. Qe2 c5 8. c3 Nc6 9. O-O d6 10.
e4 e5 11. Bxf6 Bxf6 12. d5 Ne7 13. Ba6 Bc8 14. Bxc8 Qxc8 15. a4 a6 16. Rfc1 Ng6 17. g3 h5 18. Nc4 Qc7 19. Nfd2 h4 20. Kg2 Rab8 21. b3 b5 22. axb5 axb5 23. Na5 Qd7 24.
Qh5 Rfc8 25. Nc6 Rxc6 26. dxc6 Qxc6 27. c4 bxc4 28. bxc4 Rb2 29. Rd1 Nf8 30. Qf3 Ne6 31. Qa3 Rb8 32. Rdb1 Rf8 33. Qa4 Qc8 34. Qa6 Qd8 35.
Qb6 Qc8 36. Qb7 h3+ 37. Kg1 Qd8 38. Ra7 Bg5 39. Nf3 Qf6 40. Rb3 Bh6 41. Ra8 Rxa8 42. Qxa8+ Kh7 43. Qa1 g6 44. Rb1 Qxf3 45. Kf1 Nd4 46.
Qb2 Qh1# 0-1

[Event "*** SCC Grand Prix: Titled Tuesday Blitz"]
[Site "Chess.com"]
[Date "2020.10.13"]
[Round "1"]
[White "Nara_Kh"]
[Black "Harsha_Bharathakoti"]
[Result "0-1"]
[WhiteElo "2387"]
[BlackElo "2753"]
[TimeControl "180+1"]
[EndTime "10:07:31 PDT"]
[Termination "Harsha_Bharathakoti won by checkmate"]

1. e4 c6 2. Nc3 d5 3. Nf3 Bg4 4. h3 Bxf3 5. Qxf3 e6 6. d3 d4 7. Ne2 Qb6 8. g4 Nd7 9. Bg2 Ne7 10. Qg3 Ng6 11. h4 Bc5 12. h5 Ne7 13. O-O h6 14. a4 a5 15. f4 O-O-O 16. b3 g6 17. hxg6 fxg6 18. Bb2 Nf6 19. g5 Nd7 20. Qg4 hxg5 21. fxg5 Qc7 22. Nf4 Rdf8 23. e5 Nxe5 24. Qxe6+ Kb8 25.
Rae1 Nd7 26. Bc1 Bd6 27. Re4 Nd5 28. Bh3 Bxf4 29. Bxf4 Nxf4 30. Rexf4 Rxf4 31. Qxd7 Rxf1+ 32. Kxf1 Qf4+ 33. Kg2 Qxg5+ 34. Bg4 Qd2+ 35. Kf3 Qe3+ 36. Kg2 Qf4 37. Qe6 Rh2+ 38. Kg1 Qf2# 0-1

[Event "*** SCC Grand Prix: Titled Tuesday Blitz"]
[Site "Chess.com"]
[Date "2020.10.13"]
[Round "1"]
[White "Cayse"]
[Black "peixe64"]
[Result "1-0"]
[WhiteElo "2725"]
[BlackElo "2369"]
[TimeControl "180+1"]
[EndTime "10:07:32 PDT"]
[Termination "Cayse won on time"]

1. d4 Nf6 2. Bf4 d5 3. e3 e6 4. Nf3 Bd6 5. Nbd2 O-O 6. Bd3 c5 7. dxc5 Bxf4 8. exf4 Qc7 9. g3 Qxc5 10. O-O Nc6 11. c3 Bd7 12. Ne5 Rfd8 13. Qe2 Be8 14.
Ndf3 h6 15. Rac1 Rac8 16. Rfe1 a5 17. Nxc6 bxc6 18. Ne5 Rb8 19. Red1 Qb6 20. Rd2 c5 21. c4 a4 22. Rcd1 Qb4 23. Bb1 a3 24. b3 Rb6 25. g4 d4 26. g5 hxg5 27. fxg5 Nd7 28.
Nd3 Qa5 29. Qe4 f5 30. Qf4 Qa8 31. Re1 Qc6 32. Bc2 Qd6 33. Bd1 Qxf4 34. Nxf4 e5 35.
Nd5 Rd6 36. Ne7+ Kf8 37. Nxf5 Rg6 38. h4 Bf7 39. Ng3 Be6 40. Bh5 Bf7 41. Bxg6 Bxg6 42.
h5 Bf7 43. g6 Be6 44. f4 exf4 45. Rf2 Nf6 46. Rxf4 Re8 47. h6 Re7 48. h7 1-0

[Event "*** SCC Grand Prix: Titled Tuesday Blitz"]
[Site "Chess.com"]
[Date "2020.10.13"]
[Round "1"]
[White "Susal_De_Silva"]
[Black "Shield12"]
[Result "0-1"]
[WhiteElo "2439"]
[BlackElo "2836"]
[TimeControl "180+1"]
[EndTime "10:07:33 PDT"]
[Termination "Shield12 won by resignation"]

1. e4 c5 2. Nf3 Nc6 3. Bb5 Nf6 4.
Nc3 Qc7 5. Bxc6 Qxc6 6. O-O Nxe4 7. Nxe4 Qxe4 8. Re1 Qc6 9. d4 cxd4 10. Nxd4 Qc7 11. Qf3 e6 12. Bf4 Qb6 13. c3 Be7 14. Nf5 exf5 15.
Qe2 O-O 16. Qxe7 d5 17. Bc7 Qc6 18. Bd6 Be6 19. Ba3 Rfe8 20. Qc5 Rac8 21. Qxa7 b6 22. Qa6 d4 23. Qd3 dxc3 24. Rac1 c2 25. Re2 Bd5 26. Rxe8+ Rxe8 27. f3 Rc8 28. b3 b5 29. Bb2 Be6 30. Qd4 f6 31. h3 Qa6 32. a4 Bxb3 33. axb5 Qxb5 34. Kh1 Qc5 35. Qxc5 Rxc5 36. Re1 Kf7 37. Kg1 Rd5 38. Kf2 Rd2+ 39. Ke3 Rd1 40. Ke2 Bc4+ 41. Kf2 f4 42. Bc1 g5 43. Rg1 Ke6 44. Re1+ Kd5 45. Bb2 Kc5 46. Ba3+ Kd4 47. Bc1 Kc3 48.
Ba3 Kb3 49. Bc1 Rxc1 50. Rxc1 Kb2 0-1

[Event "*** SCC Grand Prix: Titled Tuesday Blitz"]
[Site "Chess.com"]
[Date "2020.10.13"]
[Round "1"]
[White "Durarbayli"]
[Black "grunbergmihai"]
[Result "1-0"]
[WhiteElo "2802"]
[BlackElo "2413"]
[TimeControl "180+1"]
[EndTime "10:07:33 PDT"]
[Termination "Durarbayli won by resignation"]

1. e4 Nf6 2. e5 Nd5 3. d4 d6 4. c4 Nb6 5. exd6 cxd6 6. Nc3 g6 7. Be3 Bg7 8. Rc1 O-O 9. b3 e5 10. dxe5 dxe5 11. Qxd8 Rxd8 12. c5 N6d7 13. Bc4 Nc6 14. Nf3 Na5 15. Be2 b6 16. b4 Nc6 17. b5 Nd4 18. c6 Nc5 19. O-O Nxe2+ 20. Nxe2 e4 21. Nfd4 a6 22. Rfd1 axb5 23. Nxb5 Ba6 24. Rxd8+ Rxd8 25.
Ned4 Bxd4 26. Nxd4 Rc8 27. Rb1 Bc4 28. Rxb6 Bxa2 29.
h4 Ne6 30. Nxe6 Bxe6 31. Bf4 Kf8 32. c7 Ke7 33. Kf1 h5 34. Ke2 Bf5 35. Ke3 Kd7 36.
Rb8 Re8 37. Kd4 Rc8 38. g3 Re8 39. Kc5 Rc8 40. Kb6 e3 41. fxe3 Be4 42. Kc5 Bf5 43.
Kd4 Ke7 44. e4 Be6 45. Kc5 Bg4 46. Kb6 Re8 47. Rxe8+ Kxe8 48. Kb7 1-0

[Event "*** SCC Grand Prix: Titled Tuesday Blitz"]
[Site "Chess.com"]
[Date "2020.10.13"]
[Round "1"]
[White "Vamostodorecto"]
[Black "wannabe2700"]
[Result "0-1"]
[WhiteElo "2372"]
[BlackElo "2721"]
[TimeControl "180+1"]
[EndTime "10:07:33 PDT"]
[Termination "wannabe2700 won on time"]

1. d4 f5 2. e4 fxe4 3. Nc3 Nf6 4. Bg5 Nc6 5. d5 Ne5 6. Qe2 Nf7 7. h4 c6 8. O-O-O Nxd5 9. Nxd5 cxd5 10. Rxd5 b5 11.
Qxb5 a6 12. Qb3 Nxg5 13. hxg5 e6 14. Re5 d5 15. g6 h6 16. Qa4+ Bd7 17. Qd4 Qf6 18.
c3 Bc6 19. f3 Bd6 20. Reh5 O-O 21. Be2 Qxg6 22. g4 Bf4+ 23. Kb1 e5 24. Qd1 exf3+ 25. Bd3 e4 26. Bc2 Qxg4 27. Rxd5 Rae8 28. Nxf3 Qxf3 29. Qd4 Bxd5 30. Qxd5+ Kh8 31. Rg1 Be3 32. Rg6 Qf1+ 33. Bd1 Qd3+ 34. Qxd3 exd3 35. Rxa6 Rf1 0-1

[Event "*** SCC Grand Prix: Titled Tuesday Blitz"]
[Site "Chess.com"]
[Date "2020.10.13"]
[Round "1"]
[White "deribas12345"]
[Black "Lenyas66"]
[Result "1-0"]
[WhiteElo "2691"]
[BlackElo "2348"]
[TimeControl "180+1"]
[EndTime "10:07:33 PDT"]
[Termination "deribas12345 won by checkmate"]

1. d4 e6 2. c4 Bb4+ 3. Nc3 c5 4.
a3 Bxc3+ 5. bxc3 Nc6 6. e3 d6 7. Bd3 e5 8. Ne2 Nf6 9. O-O O-O 10. f3 Re8 11. d5 e4 12. dxc6 exd3 13. cxb7 Bxb7 14.
Qxd3 Ba6 15. e4 Nd7 16. Qxd6 Bxc4 17. Re1 Ne5 18. Qxd8 Raxd8 19. Be3 Nd3 20. Reb1 f5 21. Bg5 Rd7 22. Ng3 h6 23. Bc1 fxe4 24. Nxe4 Bd5 25. a4 Bxe4 26. fxe4 Rxe4 27. Ba3 c4 28. Rb8+ Kh7 29.
Rf1 Re2 30. Rc8 Ra2 31. Bf8 Rxa4 32. h4 h5 33. Rf5 g6 34. Rf1 Ne5 35. Bc5 Ng4 36.
Bd4 g5 37. hxg5 Kg6 38. Rg8+ Kh7 39. Re8 Kg6 40. Rg8+ Kh7 41. Rh8+ Kg6 42. Re1 Kxg5 43. Rg8+ Kh4 44. Bc5 Ra2 45. Rf8 Rdd2 46. Be7+ Kg3 47. Rf3# 1-0

[Event "*** SCC Grand Prix: Titled Tuesday Blitz"]
[Site "Chess.com"]
[Date "2020.10.13"]
[Round "1"]
[White "Semen16"]
[Black "eljanov"]
[Result "0-1"]
[WhiteElo "2449"]
[BlackElo "2861"]
[TimeControl "180+1"]
[EndTime "10:07:34 PDT"]
[Termination "eljanov won by resignation"]

1. e4 e5 2. Nf3 Nc6 3. Bc4 Bc5 4. c3 Nf6 5. d4 exd4 6. O-O O-O 7. cxd4 Bb6 8. e5 d5 9. exf6 dxc4 10. fxg7 Re8 11. d5 Nb4 12. Nc3 Bf5 13. Bg5 Qd7 14. Qd2 Bd3 15.
Rfe1 Qf5 16. h4 Nxd5 17. Nxd5 Qxd5 18. Qf4 Qf5 19. Qg3 h5 20. Bf4 c6 21. Re5 Qg4 22. Rg5 Qxg3 23. Bxg3 Bg6 24. Be5 Rad8 25. Bc3 Rd5 26. Ne5 Re6 27. Kh1 Bd4 28. f4 Bxc3 29.
bxc3 Bd3 30. a4 f6 31. Rxh5 fxe5 32. f5 e4 33. g4 e3 34. fxe6 Rxh5 35. gxh5 Kxg7 36.
Kg2 Kf6 37. Kf3 e2 38. Re1 Kxe6 39. Rxe2+ Bxe2+ 40. Kxe2 b5 41. axb5 cxb5 42. Ke3 a5 43. Kd2 Kf6 44. Ke3 b4 45. cxb4 axb4 46. Kd4 b3 47.
Kc3 Kg7 0-1

[Event "*** SCC Grand Prix: Titled Tuesday Blitz"]
[Site "Chess.com"]
[Date "2020.10.13"]
[Round "1"]
[White "jamalm2"]
[Black "Azatic"]
[Result "0-1"]
[WhiteElo "1765"]
[BlackElo "2497"]
[TimeControl "180+1"]
[EndTime "10:07:34 PDT"]
[Termination "Azatic won on time"]

1. Nf3 c5 2. c4 Nf6 3. e3 g6 4. Be2 Bg7 5. d4 O-O 6. b3 cxd4 7. exd4 d5 8. Bb2 Nc6 9. O-O Bf5 10.
Nbd2 Nb4 11. Bc3 Nc6 12. Ne5 Nxe5 13. dxe5 Nd7 14. Nf3 dxc4 15. Bxc4 Nb6 16. Be2 Nd5 17.
Bb2 Nf4 18. Bc4 Qa5 19. Qd2 Qxd2 20. Nxd2 a6 21. a4 Rad8 22. Nf3 Bg4 23. Nd4 Bxe5 24. f3 Bxd4+ 25. Bxd4 Rxd4 26. fxg4 e6 27. h3 Rfd8 28.
Rf2 Rd1+ 29. Rxd1 Rxd1+ 30. Kh2 Nd5 31. Re2 Kg7 32. Kg3 Nb6 33. Rc2 Nxc4 34. bxc4 Rd3+ 35. Kf4 Ra3 36. Ke5 Rxa4 37. Kd6 Rb4 38. Kc5 Rb3 39. Rd2 a5 40. Rd6 a4 41. Rd2 a3 42. Ra2 Kf6 43.
Kd4 h6 44. c5 Ke7 0-1

[Event "*** SCC Grand Prix: Titled Tuesday Blitz"]
[Site "Chess.com"]
[Date "2020.10.13"]
[Round "1"]
[White "SanchezKelvin"]
[Black "iwanyu"]
[Result "0-1"]
[WhiteElo "2405"]
[BlackElo "2796"]
[TimeControl "180+1"]
[EndTime "10:07:36 PDT"]
[Termination "iwanyu won on time"]

1. d4 Nf6 2. c4 e6 3. Nf3 d5 4. Nc3 Bb4 5. Qa4+ Nc6 6. e3 O-O 7. Bd2 dxc4 8. Bxc4 Bd6 9. Nb5 a6 10. Nxd6 cxd6 11. Qc2 Bd7 12. Rc1 Rc8 13. Qb1 Ne7 14. O-O Bc6 15. Be2 Ne4 16. Bd3 f5 17. Rc2 Ng6 18. Rfc1 Ng5 19. Ne1 Nh4 20. d5 exd5 21. Bc3 f4 22. Bd4 f3 23. g3 Nh3+ 24. Kf1 Qg5 25.
Bxh7+ Kh8 26. Bd3 Qh5 27. b4 Ng2 28. b5 axb5 29. Qb2 Rf7 30. Bxb5 Ng5 31. h4 Ne4 32. Bxc6 bxc6 33. Rxc6 Rxc6 34. Rxc6 Qg4 35. Qb8+ Kh7 36. Rc8 Qh3 37. Rh8+ Kg6 38. h5+ Kg5 39. Qd8+ Kg4 40. Qc8+ Rf5 41. Nxf3 Nf4+ 42. Ke1 Qh1+ 0-1

[Event "*** SCC Grand Prix: Titled Tuesday Blitz"]
[Site "Chess.com"]
[Date "2020.10.13"]
[Round "1"]
[White "German_Bazeev"]
[Black "anpospan"]
[Result "1-0"]
[WhiteElo "2720"]
[BlackElo "2371"]
[TimeControl "180+1"]
[EndTime "10:07:39 PDT"]
[Termination "German_Bazeev won on time"]

1. d4 Nf6 2. Nf3 c5 3. c3 b6 4.
Bg5 Bb7 5. Bxf6 gxf6 6. Nbd2 d6 7. g3 f5 8. e3 Nd7 9. Bg2 e6 10. O-O Be7 11. Ne1 Bxg2 12. Nxg2 O-O 13. Nf4 Nf6 14. Nh5 Nxh5 15. Qxh5 Bf6 16. Rad1 Qe7 17. Rfe1 Bg7 18. e4 cxd4 19. cxd4 Bxd4 20. exf5 Bxb2 21. Ne4 Bf6 22. Qh6 Bg7 23. f6 Bxh6 24. fxe7 Rfe8 25. Nf6+ Kg7 26.
Nxe8+ Rxe8 27. Rxd6 Rxe7 28. Red1 Bg5 29. Rd7 a5 30. Rxe7 Bxe7 31. Rd7 Bc5 32. Kg2 Kg6 33.
f4 h5 34. Kf3 f5 35. a4 Bg1 36. h3 Bc5 37. Rc7 Kf6 38. g4 hxg4+ 39. hxg4 fxg4+ 40. Kxg4 Kg6 41. Kf3 Kf5 42. Rh7 Kg6 43.
Rh2 Kf5 44. Rh5+ Kg6 45. Rg5+ Kf6 46. Ke4 Bd6 47. Rh5 Bc5 48. Rh6+ Kf7 49. Ke5 Be3 50. Rf6+ Ke7 51. Rxe6+ Kd7 52. f5 1-0

[Event "*** SCC Grand Prix: Titled Tuesday Blitz"]
[Site "Chess.com"]
[Date "2020.10.13"]
[Round "1"]
[White "Ranindu2003"]
[Black "nitpicker"]
[Result "1-0"]
[WhiteElo "2623"]
[BlackElo "2281"]
[TimeControl "180+1"]
[EndTime "10:07:39 PDT"]
[Termination "Ranindu2003 won on time"]

1. e4 d5 2. exd5 Qxd5 3. Nc3 Qd8 4. d4 Nf6 5. Nf3 c6 6. Bc4 Bf5 7. Ne5 e6 8. g4 Bg6 9. h4 Bb4 10. f3 Nd5 11. Bxd5 cxd5 12. h5 f6 13. hxg6 fxe5 14. dxe5 Nc6 15. Bd2 Qe7 16. Qe2 O-O-O 17. gxh7 g5 18. O-O-O Rdf8 19. Rde1 Nd4 20. Qe3 Nxf3 21. Ref1 d4 22. Qd3 dxc3 23. Be3 Nxe5 24. Rxf8+ Qxf8 25. Qe4 Qf3 26. Qxf3 Nxf3 27. Rh3 cxb2+ 28. Kxb2 Ne5 29. Bd4 Bd6 30. Kb3 Ng6 31. Bxh8 Nxh8 32. Rd3 Be5 33. Rf3 Bf4 34. Rd3 e5 35. Kc4 e4 36. Rd5 e3 37.
Kd3 Kc7 38. Rf5 Kd7 39. Rf8 Be5 40. Kxe3 Ke7 41. Ra8 a6 42. Ke4 Bf6 43. Kf5 Kf7 44. Rb8 Bd4 45. Rxb7+ Kf8 46. c4 1-0

[Event "*** SCC Grand Prix: Titled Tuesday Blitz"]
[Site "Chess.com"]
[Date "2020.10.13"]
[Round "1"]
[White "GameOverBro"]
[Black "MikeSailer"]
[Result "1-0"]
[WhiteElo "2522"]
[BlackElo "2092"]
[TimeControl "180+1"]
[EndTime "10:07:39 PDT"]
[Termination "GameOverBro won by checkmate"]

1. e4 d5 2. exd5 Qxd5 3. Nc3 Qd6 4. d4 Nf6 5. Bc4 c6 6. Nge2 Bg4 7. f3 Bf5 8. Bf4 Qd8 9. Qd2 e6 10. h4 h6 11. g4 Bh7 12. O-O-O Bb4 13. a3 Bd6 14.
Kb1 Qc7 15. Bxd6 Qxd6 16. g5 Nd5 17. Ne4 Qe7 18. gxh6 gxh6 19. Qxh6 Nd7 20. Qg5 f6 21. Qh5+ Kd8 22. Qh6 Kc7 23. Qd2 b5 24. Bd3 a5 25.
Nf4 b4 26. a4 b3 27. c4 Nb4 28. Rhe1 Nb6 29. Nc5 Bxd3+ 30. Nfxd3 Nxc4 31. Qc3 Nb6 32. Nxe6+ Kb8 33. Nec5 Qh7 34. Qxb3 N6d5 35. Ka1 Ka7 36.
Nxb4 Nxb4 37. Rc1 Rab8 38. Re6 Rhc8 39. Qc3 Nd5 40. Qxa5# 1-0

[Event "*** SCC Grand Prix: Titled Tuesday Blitz"]
[Site "Chess.com"]
[Date "2020.10.13"]
[Round "1"]
[White "baki83"]
[Black "Akmal_Fayzullaev"]
[Result "1-0"]
[WhiteElo "2755"]
[BlackElo "2387"]
[TimeControl "180+1"]
[EndTime "10:07:40 PDT"]
[Termination "baki83 won on time"]

1. e4 e5 2. Nf3 Nc6 3. Bc4 Bc5 4. c3 Nf6 5. d3 d6 6. h3 a6 7. a4 Ba7 8. Na3 O-O 9. O-O Be6 10. Bg5 h6 11.
Bh4 Qe7 12. Kh1 Rad8 13. Qe2 Rfe8 14. Rad1 Na5 15. Bxe6 Qxe6 16. b4 Nc6 17. Nc4 Ne7 18. Na5 Rb8 19. Bg3 Ng6 20. Nh4 Nxh4 21. Bxh4 g5 22.
Bg3 Kg7 23. Nc4 Ng8 24. f3 Ne7 25. d4 Ng6 26. Ne3 exd4 27. cxd4 Kh7 28. Qc2 Rbc8 29.
Nf5 Qf6 30. Bf2 Ne7 31. Ng3 Kh8 32. b5 axb5 33. axb5 Bb6 34. Be1 Ng6 35. Bc3 Kh7 36. Nf5 Nf4 37. g3 Ng6 38. Kh2 c6 39. bxc6 Rxc6 40. Qd3 Rec8 41. Ba1 Rc2+ 42. Rd2 Rc1 43. Rxc1 Rxc1 44. Rd1 Rxd1 45. Qxd1 Qe6 46. d5 Qd7 47. Qb3 Bc5 48. Qc3 Ne5 49. f4 gxf4 50. gxf4 1-0

[Event "*** SCC Grand Prix: Titled Tuesday Blitz"]
[Site "Chess.com"]
[Date "2020.10.13"]
[Round "1"]
[White "mamonika"]
[Black "sergeikim"]
[Result "0-1"]
[WhiteElo "1971"]
[BlackElo "2507"]
[TimeControl "180+1"]
[EndTime "10:07:40 PDT"]
[Termination "sergeikim won on time"]

1. e4 e5 2. Nf3 Nc6 3. Bc4 Bc5 4. b4 Bxb4 5. c3 Ba5 6. d4 d6 7. Qb3 Qd7 8. dxe5 dxe5 9. O-O Bb6 10. Rd1 Qe7 11. Ba3 Qf6 12. Kh1 Nge7 13. Nbd2 O-O 14. Qc2 Bg4 15. Be2 Rfe8 16. Nc4 Ng6 17. Ne3 Bxe3 18.
fxe3 Nh4 19. Rf1 Nxf3 20. Bxf3 Bxf3 21. Rxf3 Qe6 22. Raf1 f6 23. Qf2 Qf7 24. Qh4 Qg6 25. Rg3 Qf7 26. h3 Kh8 27. Rf5 Re6 28. Rh5 g6 29. Rh6 Rg8 30. c4 Nd8 31. Qg4 Ra6 32. Bc5 Ne6 33. Bb4 c5 34. Bc3 Ra3 35. Bb2 Rxa2 36. Bc3 Rc2 37. Be1 Rc1 38. Qe2 Ng5 39.
Kh2 Nxe4 40. Rf3 Ng5 41. Rg3 e4 42. Rxg5 fxg5 43. Qd2 Rxc4 44. Qb2+ Qg7 45. Qb3 Rc1 46. Bd2 Qxh6 47. Bxc1 Qf8 48. Bb2+ Rg7 49. Qxb7 h6 50. Qxa7 Kh7 51. Bxg7 Qxg7 52. Qxc5 Qf7 53. Kg3 Qe8 54. Qd5 Qe7 0-1